 Dungeon Crawl Stone Soup version 0.28.0-53-g5a82cb258f (webtiles) character file.

Game seed: 10474769631527123971

121 gobodom the Conjurer (level 4, 0/30 HPs)
             Began as a Demonspawn Conjurer on June 9, 2022.
             Killed from afar by Ijyb (4 damage)
             ... with a puff of flame
             ... on level 3 of the Dungeon.
             The game lasted 00:15:19 (1932 turns).

gobodom the Conjurer (Demonspawn Conjurer)          Turns: 1932, Time: 00:15:20

Health: 0/30       AC:  5    Str: 12    XL:     4   Next: 76%
Magic:  6/7        EV: 12    Int: 19    God:
Gold:   70         SH:  0    Dex: 11    Spells: 5/8 levels left

rFire   . . .      SeeInvis .   d - +0 rapier
rCold   . . .      Faith    .   (no shield)
rNeg    + + .      Spirit   .   a - +0 robe
rPois   .          Reflect  .   (no helmet)
rElec   +          Harm     .   k - +2 cloak of the Exiled Planets {rElec rN+ Str+2}
rCorr   .          Rampage  .   (no gloves)
Will    .....                   (no boots)
Stlth   ++........              (no amulet)
HPRegen 0.10/turn               e - +4 ring of slaying
MPRegen 0.20/turn               m - ring of positive energy

@: no status effects
A: magic regeneration
a: no special abilities


You were on level 3 of the Dungeon.
You visited 1 branch of the dungeon, and saw 3 of its levels.

You collected 70 gold pieces.

Inventory:

Hand Weapons
 d - a +0 rapier (weapon)
Missiles
 o - 2 boomerangs
Armour
 a - a +0 robe (worn)
 k - the +2 cloak of the Exiled Planets (worn) {rElec rN+ Str+2}
   (You found it on level 2 of the Dungeon)

   Str:       It affects your strength (+2).
   rElec:     It insulates you from electricity.
   rN:        It protects you from negative energy.
Jewellery
 e - a +4 ring of slaying (left hand)
 h - a ring of flight
 m - a ring of positive energy (right hand)
Scrolls
 b - a scroll of enchant weapon {unknown}
 c - a scroll of identify {unknown}
 f - a scroll of fog
 i - a scroll of blinking {unknown}
 l - 2 scrolls of fear {unknown}
 n - a scroll of vulnerability {unknown}
Potions
 g - 3 potions of curing {unknown}
 j - a potion of attraction {unknown}
 p - a potion of lignification {unknown}


   Skills:
 + Level 0.1 Fighting
 + Level 0.8 Short Blades
 + Level 2.0 Dodging
 + Level 2.4 Stealth
 + Level 0.4 Unarmed Combat
 + Level 2.5 Spellcasting
 + Level 5.2 Conjurations


You had 5 spell levels left.
You knew the following spells:

 Your Spells              Type           Power      Damage    Failure   Level
a - Magic Dart            Conj           88%        1d7       1%          1
b - Searing Ray           Conj           44%        2d6       2%          2

Your spell library contained the following spells:

 Spells                   Type           Power      Damage    Failure   Level
 Dazzling Flash           Conj/Hex       24%        N/A       16%         3
 Fulminant Prism          Conj/Hex       6%         3d7       47%         4
 Iskenderun's Mystic Bla  Conj/Tloc      12%        2d5       47%         4
 Freezing Cloud           Conj/Ice/Air   4%         6-21      91%         5
 Simulacrum               Ice/Necr       1%         N/A       100%        6
 Polar Vortex             Ice            1%         N/A       100%        9


Dungeon Overview and Level Annotations

Branches:
Dungeon (3/15)

Altars:

Shops:
D:1 (

Annotations:
D:3 Ijyb, Sigmund


Innate Abilities, Weirdness & Mutations

You regenerate magic rapidly.


Message History

The magic dart hits Ijyb but does no damage.
Ijyb shouts!
Aiming: Magic Dart (safe; 1% risk of failure)
Press: ? - help, Q - select action, (/) - cycle Shift-Dir - straight line, f/p - Ijyb
Aim: Ijyb, wielding a +0 club, wearing a +0 leather armour and carrying a wand of flame (22) (100% to hit)
The magic dart hits Ijyb.
Ijyb is lightly wounded.
Ijyb zaps a wand.
The puff of flame hits you!
Aiming: Magic Dart (safe; 1% risk of failure)
Press: ? - help, Q - select action, (/) - cycle Shift-Dir - straight line, f/p - Ijyb
Aim: Ijyb, wielding a +0 club, wearing a +0 leather armour and carrying a wand of flame (21) (lightly wounded, 100% to hit)
The magic dart hits Ijyb but does no damage.
Ijyb is lightly wounded.
Ijyb hits you but does no damage.
You hit Ijyb.
Ijyb is moderately wounded.
Ijyb hits you with a +0 club. Ijyb barely misses you.
You closely miss Ijyb.
Ijyb is moderately wounded.
Ijyb barely misses you.
You closely miss Ijyb.
Ijyb is moderately wounded.
Ijyb closely misses you.
You hit Ijyb.
Ijyb is moderately wounded.
Ijyb zaps a wand.
The puff of flame hits you.
You hit Ijyb.
Ijyb is heavily wounded.
Ijyb screams, "You nasty!
Big nasty!"
Ijyb hits you with a +0 club.
You hit Ijyb but do no damage.
Ijyb is heavily wounded.
Ijyb zaps a wand.
The puff of flame hits you!
* * * LOW HITPOINT WARNING * * *
You puncture Ijyb!
Ijyb is severely wounded.
Ijyb hits you with a +0 club.
* * * LOW HITPOINT WARNING * * *
Ijyb zaps a wand.
The puff of flame hits you.
You die...

#.############............#
#.# #.(............#.# #.#
#.############.#.# #.# #.#
#.#.# #.# #.# #.#.# #(# #.#
#.#.#
#.########.############.#.#
#.#.....##.#............#.#
#.#.###.##.#@############.#
#.#.#....#.#.#.#.#.#
......###.###..#.# #.#
########.......#.# #.#
.#######..##...#.# #.#
.'.............#.. #.#
.#######.......# #.#


You could see Ijyb.

Vanquished Creatures
  A jelly (D:3)
  Terence (D:3)
  An adder (D:2)
  A worm (D:2)
  3 dart slugs
  4 bats
  4 endoplasms
  3 giant cockroaches
  5 goblins
  4 hobgoblins
  2 jackals (D:3)
  3 kobolds
  2 quokkas
  3 ball pythons
  2 frilled lizards (D:1)
  7 rats (D:1)
46 creatures vanquished.

Notes
Turn   | Place    | Note
-------+----------+-------------------------------------------
     0 | D:1      | gobodom the Demonspawn Conjurer began the quest for the
                  | Orb.
     0 | D:1      | Reached XP level 1. HP: 13/13 MP: 3/3
   347 | D:1      | Gained mutation: You regenerate magic rapidly. [demonic
                  | ancestry]
   347 | D:1      | Reached XP level 2. HP: 19/19 MP: 1/5
   582 | D:1      | Found Yqixoss's Antique Weapon Shoppe.
   758 | D:1      | Reached XP level 3. HP: 24/24 MP: 4/6
   851 | D:2      | Identified the +2 cloak of the Exiled Planets {rElec rN+
                  | Str+2}
  1121 | D:2      | Reached skill level 5 in Conjurations
  1225 | D:2      | Found a faded altar of an unknown god.
  1286 | D:3      | Reached XP level 4. HP: 30/30 MP: 3/7
  1401 | D:3      | Learned a level 2 spell: Searing Ray
  1517 | D:3      | Noticed Terence
  1523 | D:3      | Killed Terence
  1703 | D:3      | Noticed Sigmund
  1921 | D:3      | Noticed Ijyb
  1932 | D:3      | Killed from afar by Ijyb

Illustrated notes

Levels and vault maps discovered:
D:1:      dpeg_arrival_ratfight, layout_rooms, serial_shops,
          nicolae_shop_temple_entry_statues_fountains
D:2:      layout_rooms, dreamdust_ecumenical_altar_grove,
          minmay_misc_feat_columns
D:3:      layout_basic, uniq_ijyb, uniq_terence, uniq_sigmund

Skill      XL: |  1  2  3 |
---------------+----------+-----
Stealth        | 2 |  2.4
Conjurations   | 5 |  5.2
Dodging        | 2 |  2.0
Fighting       | |  0.1
Short Blades   | |  0.8
Unarmed Combat | |  0.4
Spellcasting   | |  2.5

Action                   |  1- 3 |  4- 6 || total
-------------------------+-------+-------++-------
Melee: Unarmed           |    12 |       ||    12
       Rapier            |    17 |    15 ||    32
 Cast: Magic Dart        |    57 |    14 ||    71
       Searing Ray       |       |     1 ||     1
  Use: Scroll            |     1 |     1 ||     2
 Stab: Sleeping          |     3 |       ||     3
Armor: Robe              |     6 |     1 ||     7
Dodge: Dodged            |    14 |    13 ||    27
